 Dungeon Crawl Stone Soup version 0.22-a0-367-gb72a975 (webtiles) character file.

260 Amnesiac the Ducker (level 5, -1/41 HPs)
             Began as a Mummy Wizard on Apr 22, 2018.
             Slain by a bullfrog (8 damage)
             ... on level 5 of the Dungeon.
             The game lasted 00:05:40 (2357 turns).

Amnesiac the Ducker (Mummy Wizard)                  Turns: 2357, Time: 00:05:41

Health: -1/41      AC:  2    Str: 10    XL:     5   Next: 95%
Magic:  1/11       EV: 13    Int: 19    God:
Gold:   17         SH:  0    Dex: 10    Spells: 3/12 levels left

rFire    x . .     SeeInvis .   h - +0 dagger (speed)
rCold    + . .     Gourm    .   (no shield)
rNeg     + + +     Faith    .   a - +0 robe
rPois    ∞         Spirit   .   b - +0 hat
rElec    .         Reflect  .   (no cloak)
rCorr    .         Harm     .   (no gloves)
MR       .....                  (no boots)
Stlth    ++........             (no amulet)
HPRegen  0.13/turn              (no ring)
MPRegen  0.12/turn              (no ring)

@: very slightly contaminated
A: no food or potions, fire vulnerability, cold resistance 1, negative energy
resistance 3, torment resistance, unbreathing
a: no special abilities


You were on level 5 of the Dungeon.
You were not hungry.

You visited 1 branch of the dungeon, and saw 5 of its levels.

You collected 92 gold pieces.
You spent 75 gold pieces at shops.

Inventory:

Hand Weapons
 h - a +0 dagger of speed (weapon)
Missiles
 c - 48 stones (quivered)
Armour
 a - a +0 robe (worn)
 b - a +0 hat (worn)
Scrolls
 d - 4 scrolls of remove curse {!r}
 e - a scroll of blinking {!r, unknown}
 f - 2 scrolls of enchant weapon {!r}
 g - a scroll of identify {!r}
 i - a scroll of amnesia {!r, unknown}


   Skills:
 + Level 3.1 Fighting
 * Level 4.3 Dodging
 - Level 1.5 Stealth
 - Level 4.0 Spellcasting
 - Level 0.7 Conjurations
 - Level 0.7 Summonings
   Level 0.7 Translocations


You had 3 spell levels left.
You knew the following spells:

 Your Spells              Type           Power        Failure   Level  Hunger
a - Magic Dart            Conj           #...         11%         1    N/A
b - Call Imp              Summ           #.......     16%         2    N/A
e - Mephitic Cloud        Conj/Pois/Air  #.......     36%         3    N/A
s - Conjure Flame         Conj/Fire      #.......     34%         3    N/A

Dungeon Overview and Level Annotations

Branches:
Dungeon (5/15)             Temple (0/1) D:5

Altars:

Shops:
D:5 ?

Annotations:
D:1 exclusion: jackal
D:4 exclusion: phantom


Innate Abilities, Weirdness & Mutations

You do not eat or drink.
Your flesh is vulnerable to fire.
You are immune to poison.
Your flesh is cold resistant. (rC+)
You are immune to negative energy. (rN+++)
You are immune to unholy pain and torment.
You can survive without breathing.


Message History

The worker ant dies!
No target in view!
You start resting.
Your white imp disappears in a puff of smoke!
Your crimson imp disappears in a puff of smoke! x2
Magic restored.
You start resting.
HP restored.
You start resting.
Magic restored.
Found a staircase to the Ecumenical Temple.
A bullfrog comes into view.
The bullfrog croaks.
A bullfrog is nearby!
Casting: Call Imp (safe; 16% risk of failure)
Confirm with . or Enter, or press ? or * to list all spells.
A beastly little devil appears in a puff of flame.
Casting: Call Imp (safe; 16% risk of failure)
Confirm with . or Enter, or press ? or * to list all spells.
You miscast Call Imp.
You are very lightly contaminated with residual magic.
Nothing appears to happen.
The bullfrog hits you! The bullfrog barely misses you.
Your crimson imp blinks!
Casting: Call Imp (safe; 16% risk of failure)
Confirm with . or Enter, or press ? or * to list all spells.
A beastly little devil appears in a puff of flame.
The bullfrog hits you.
Casting: Call Imp (safe; 16% risk of failure)
Confirm with . or Enter, or press ? or * to list all spells.
A beastly little devil appears in a puff of flame.
Your crimson imp says, "I'm here!"
The bullfrog hits you. The bullfrog barely misses you.
The bullfrog completely misses you.
Your crimson imp blinks!
The bullfrog hits you.
* * * LOW HITPOINT WARNING * * *
Your crimson imp blinks!
The bullfrog hits you.
* * * LOW HITPOINT WARNING * * *
There is a staircase to the Ecumenical Temple here.
The bullfrog hits you!
* * * LOW HITPOINT WARNING * * *
You swap places.
Your crimson imp blinks!
The bullfrog hits you.
* * * LOW HITPOINT WARNING * * *
Casting: Call Imp (safe; 16% risk of failure)
Confirm with . or Enter, or press ? or * to list all spells.
You don't know that spell.
Casting: Call Imp (safe; 16% risk of failure)
Confirm with . or Enter, or press ? or * to list all spells.
Aiming: Mephitic Cloud (slightly dangerous; 36% risk of failure)
Press: ? - help, Shift-Dir - straight line, f - bullfrog
Aim: a bullfrog (lightly wounded)
The ball explodes into a vile cloud!
The stinking cloud engulfs the bullfrog.
The bullfrog is lightly wounded.
The stinking cloud engulfs you!
The stinking cloud engulfs your crimson imp.
Your crimson imp appears unharmed.
The bullfrog is engulfed in noxious fumes.
The bullfrog hits you!
You die...

......###.#.#.......
..........#.#.......
.......∩.##.†.......
###........†........
###....###........
#....# #.5......
########..#...##
######...>.......
###...⌠.@..#.#.###.
#......§F§.#.#.#
#...⌠.>§5..#.# #
....5.........#
.#.....⌠....###
#....##....# #####
#....# #....# #....#


You could see a bullfrog and 3 friendly crimson imps.

Vanquished Creatures
  An orc priest (D:3)
  2 gnolls (D:4)
  2 dart slugs
  2 leopard geckos (D:2)
  A bat (D:2)
  2 giant cockroaches (D:4)
  2 goblins
  A kobold (D:2)
  3 frilled lizards
16 creatures vanquished.

Vanquished Creatures (collateral kills)
  A crimson imp (D:4)
  2 orc priests (D:4)
  A hound (D:5)
  2 iguanas (D:4)
  An orc wizard (D:4)
  3 worker ants
  4 adders (D:4)
  2 gnolls (D:4)
  An ooze (D:4)
  A worm (D:4)
  2 leopard geckos (D:4)
  5 orcs
25 creatures vanquished.

Grand Total: 41 creatures vanquished

Notes
Turn   | Place    | Note
-------+----------+-------------------------------------------
     0 | D:1      | Amnesiac the Mummy Wizard began the quest for the Orb.
     0 | D:1      | Reached XP level 1. HP: 13/13 MP: 5/5
   280 | D:2      | Reached XP level 2. HP: 20/20 MP: 0/7
   284 | D:2      | Learned a level 2 spell: Call Imp
   369 | D:2      | Reached skill level 1 in Fighting
   504 | D:3      | Reached XP level 3. HP: 26/26 MP: 1/8
   530 | D:4      | Learned a level 3 spell: Mephitic Cloud
   534 | D:4      | Learned a level 3 spell: Conjure Flame
   741 | D:4      | Reached XP level 4. HP: 28/33 MP: 3/10
  1067 | D:5      | Entered Level 5 of the Dungeon
  1164 | D:4      | Reached XP level 5. HP: 39/39 MP: 5/11
  1731 | D:4      | Noticed a phantom
  2250 | D:5      | Found Koxt's Magic Scroll Emporium.
  2254 | D:5      | Bought a scroll of enchant weapon for 75 gold pieces
  2345 | D:5      | Found a staircase to the Ecumenical Temple.
  2357 | D:5      | Slain by a bullfrog

Vault maps used:
D:1:      dpeg_arrival_tiny_k
D:3:      lightli_corner_chamber, uniq_robin
D:5:      temple_fountains, first_ration, serial_shops,
          nicolae_shop_behind_doors, shop, kennysheep_mini_moat, uniq_eustachio

Skill      XL: |  1  2  3  4  5 |
---------------+----------------+-----
Dodging        | 2 3 4 |  4.3
Fighting       | 1 2 3 |  3.1
Stealth        | |  1.5
Spellcasting   | |  4.0
Conjurations   | |  0.7
Summonings     | |  0.7
Translocations | |  0.7

Action                   |  1- 3 |  4- 6 || total
-------------------------+-------+-------++-------
Melee: Dagger            |    30 |    84 ||   114
       Unarmed           |     1 |       ||     1
 Cast: Magic Dart        |    20 |       ||    20
       Call Imp          |     7 |    37 ||    44
       Mephitic Cloud    |       |     2 ||     2
  Use: Scroll            |     1 |       ||     1
 Stab: Distracted        |     1 |       ||     1
       Sleeping          |       |     1 ||     1
       Confused          |       |     1 ||     1
Armor: Robe              |     2 |     5 ||     7
Dodge: Dodged            |    26 |    51 ||    77

Table legend:
 A = Spawn XP
 B = Non-spawn XP
 C = Spawn XP percentage of total XP
 D = Spawn monster count
 E = Non-spawn monster count
 F = Spawn count percentage of total count
 G = Total turns spent on level
                    A         B        C        D         E        F      G
               +---------+---------+-------+---------+---------+-------+---------
         Total |       0 |     372 |   0.0 |       0 |      41 |   0.0 |  2357
               +---------+---------+-------+---------+---------+-------+---------
           D:1 |       0 |       3 |   0.0 |       0 |       2 |   0.0 |   186
           D:2 |       0 |      17 |   0.0 |       0 |       7 |   0.0 |   271
           D:3 |       0 |      24 |   0.0 |       0 |       2 |   0.0 |    53
           D:4 |       0 |     282 |   0.0 |       0 |      28 |   0.0 |  1667
           D:5 |       0 |      46 |   0.0 |       0 |       2 |   0.0 |   180
               +---------+---------+-------+---------+---------+-------+---------
